 Dungeon Crawl Stone Soup version 0.26.1-11-gd32895ea62 (webtiles) character file.

Game seed: 8645514523589610835

44 kodamatunes15 the Slasher (level 3, 0/30 HPs)
             Began as a Ghoul Gladiator on May 2, 2021.
             Slain by a hobgoblin
             ... wielding a +0 club
              (3 damage)
             ... on level 2 of the Dungeon.
             The game lasted 00:06:40 (911 turns).

kodamatunes15 the Slasher (Ghoul Gladiator)          Turns: 911, Time: 00:06:40

Health: 0/30       AC:  7    Str: 18    XL:     3   Next: 62%
Magic:  2/2        EV: 11    Int:  3    God:
Gold:   62         SH:  0    Dex: 10    Spells: 2/2 levels left

rFire    . . .     SeeInvis .   a - +0 long sword
rCold    + . .     Faith    .   (no shield)
rNeg     + + +     Spirit   .   m - +0 ring mail
rPois    ∞         Reflect  .   c - +1 helmet
rElec    .         Harm     .   (no cloak)
rCorr    .         Rampage  .   (no gloves)
Will     .....                  (no boots)
Stlth    ..........             (no amulet)
HPRegen  0.00/turn              (no ring)
MPRegen  0.08/turn              (no ring)

@: no status effects
A: claws 1, cold resistance 1, negative energy resistance 3, inhibited
regeneration, torment resistance, unbreathing
a: no special abilities


You were on level 2 of the Dungeon.
You visited 1 branch of the dungeon, and saw 2 of its levels.

You collected 62 gold pieces.

Inventory:

Hand Weapons
 a - a +0 long sword (weapon)
Missiles
 d - 3 throwing nets
 h - 29 bolts
 k - 38 poisoned darts
Armour
 c - a +1 helmet (worn)
 m - a +0 ring mail (worn)
Jewellery
 f - a +6 ring of dexterity {unknown}
 l - an uncursed ring of ice {unknown}
Wands
 p - a wand of polymorph (8) (quivered)
Scrolls
 o - 2 scrolls of remove curse
Potions
 b - a potion of lignification {unknown}
 e - a potion of degeneration {unknown}
 g - a potion of might {unknown}
 i - a potion of berserk rage {unknown}
 j - 2 potions of heal wounds {unknown}
 n - a potion of mutation {unknown}


   Skills:
 + Level 2.9 Fighting
 + Level 3.2 Long Blades
 + Level 1.9 Throwing
 + Level 0.4 Armour
 + Level 3.0 Dodging


You had 2 spell levels left.
You didn't know any spells.
Your spell library was empty.

Dungeon Overview and Level Annotations

Branches:
Dungeon (2/15)

Altars:
Fedhas
The Shining One


Innate Abilities, Weirdness & Mutations

You thrive by killing the living.
You are immune to poison.
You have sharp fingernails.
Your flesh is cold resistant. (rC+)
You are immune to negative energy. (rN+++)
You do not regenerate when monsters are visible.
You are immune to unholy pain and torment.
You can survive without breathing.


Message History

A gnoll comes into view.
The gnoll shouts!
Found a glowing golden altar of the Shining One.
You see here a scroll labelled PASCHO JEFO.
You slash the worm!
The worm is moderately wounded.
The worm barely misses you.
You hit the worm but do no damage.
The worm is moderately wounded.
A gnoll comes into view.
The worm bites you!
* * * LOW HITPOINT WARNING * * *
You barely miss the hobgoblin. The hobgoblin hits you with a +0 club.
* * * LOW HITPOINT WARNING * * *
The worm barely misses you.
You riposte.
You barely miss the worm.
The worm is moderately wounded.
You hit the worm.
The worm is moderately wounded.
The hobgoblin hits you with a +0 club.
You die...

#......... #.....g..#
........# .....g..##
#######....##########
#......>.#...........
#...g.g..#..#####....
####..wg...###..# #....
.......@..## ##..# #....
.........##...##..##[...
........##..8.. #.......
#..#...## .8.8..##......
##...## 8._.8. ###....
###...# .8.8..##......
###..##..8..##.......
#..## +#..#..... ##..##
##..##.....


You could see a worm, 3 gnolls and a hobgoblin.

Vanquished Creatures
  2 adders (D:2)
  A dart slug (D:1)
  3 giant cockroaches
  A goblin (D:2)
  A hobgoblin (D:1)
  6 jackals (D:2)
  3 bats
  A frilled lizard (D:2)
  2 kobolds (D:1)
  4 rats
24 creatures vanquished.

Vanquished Creatures (others)
  2 plants (D:1)
2 creatures vanquished.

Grand Total: 26 creatures vanquished

Notes
Turn   | Place    | Note
-------+----------+-------------------------------------------
     0 | D:1      | kodamatunes15 the Ghoul Gladiator began the quest for the
                  | Orb.
     0 | D:1      | Reached XP level 1. HP: 17/17 MP: 0/0
   319 | D:1      | Reached XP level 2. HP: 19/24 MP: 1/1
   643 | D:2      | Reached XP level 3. HP: 16/30 MP: 2/2
   670 | D:2      | Found a blossoming altar of Fedhas.
   904 | D:2      | Found a glowing golden altar of the Shining One.
   911 | D:2      | Slain by a hobgoblin

Illustrated notes

Levels and vault maps discovered:
D:1:      eino_arrival_water_star, layout_rooms, serial_bayou,
          serial_bayou_shore_b, serial_bayou_lagoon_a, serial_bayou_pond_d,
          serial_bayou_shore_b, serial_bayou_ford_a
D:2:      layout_basic, tso_metal_star, fedhas_altar_2

Skill      XL: |  1  2 |
---------------+-------+-----
Long Blades    | 3 |  3.2
Dodging        | 3 |  3.0
Fighting       | |  2.9
Throwing       | |  1.9
Armour         | |  0.4

Action                   || total
-------------------------++-------
Melee: Long sword        ||    87
  Use: Scroll            ||     4
Armor: Leather armour    ||     5
       Ring mail         ||    53
Dodge: Dodged            ||    75
       Rpst.: Long sword ||    23
